 Dungeon Crawl Stone Soup version 0.29.0-4-gdea44cf6ec (webtiles) character file.

Game seed: 1522167016042316110

56 qw the Chopper (level 3, -2/21 HPs)
             Began as a Tengu Warper on Aug 28, 2022.
             Slain by Robin
             ... wielding a +0 trident
              (6 damage)
             ... on level 2 of the Dungeon.
             The game lasted 00:00:09 (1971 turns).

qw the Chopper (Tengu Warper)                       Turns: 1971, Time: 00:00:10

Health: -2/21      AC:  8    Str: 12 (13) XL:     3   Next: 97%
Magic:  7/7        EV:  5    Int: 12 (13) God:
Gold:   64         SH:  0    Dex: 12 (13) Spells: 6/6 levels left

rFire   . . .      SeeInvis .   Y - +0 hand axe (venom)
rCold   . . .      Faith    .   (no shield)
rNeg    . . .      Spirit   .   g - +0 chain mail
rPois   .          Reflect  .   (helmet restricted)
rElec   .          Harm     .   (no cloak)
rCorr   .          Rampage  .   (no gloves)
Will    .....                   (boots unavailable)
Stlth   ..........              (no amulet)
HPRegen 0.07/turn               (no ring)
MPRegen 0.10/turn               (no ring)

@: no status effects
A: beak, talons 3
a: no special abilities


You were on level 2 of the Dungeon.
You visited 1 branch of the dungeon, and saw 2 of its levels.

You collected 64 gold pieces.


Innate Abilities, Weirdness & Mutations

You have a beak for a mouth.
You have claws for feet.


   Skills:
 - Level 2.0 Fighting
 + Level 4.5 Axes
 - Level 1.0 Throwing
 - Level 1.1 Armour
 - Level 2.1 Dodging
 - Level 2.0 Spellcasting
 - Level 2.4 Translocations


You had 6 spell levels left.
You didn't know any spells.
Your spell library contained the following spells:

 Spells                   Type           Power      Damage    Failure   Level
 Blink                    Tloc           12%        N/A       100%        2
 Gell's Gravitas          Tloc           6%         N/A       100%        3
 Lesser Beckoning         Tloc           6%         N/A       100%        3
 Teleport Other           Tloc           6%         N/A       100%        3
 Manifold Assault         Tloc           6%         N/A       100%        5

Inventory:

Hand Weapons
 d - a +0 whip
 Y - a +0 hand axe of venom (weapon)
Armour
 g - a +0 chain mail (worn)
Scrolls
 a - a scroll of magic mapping {unknown}

Dungeon Overview and Level Annotations

Branches:
Dungeon (2/15)

Altars:

Annotations:
D:2 Robin


Message History

A goblin comes into view. It is wielding a +0 dagger.
A goblin comes into view. It is wielding a +0 club.
You barely miss the bat.
The bat is moderately wounded.
The bat hits you but does no damage. x2; Robin throws the goblin at you!
The goblin hits you but does no damage.
You miss the bat.
The bat is moderately wounded.
You hit the goblin.
The goblin is poisoned.
The bat hits you but does no damage. x2; Robin throws the goblin at you!
A goblin comes into view. It is wielding a +0 dagger.
The goblin closely misses you. The goblin hits you but does no damage.
The goblin hits you with a +0 dagger. The goblin hits you but does no damage.
A goblin comes into view. It is wielding a +0 club.
Robin hits you but does no damage. The bat hits you but does no damage.
You closely miss the goblin.
The goblin is heavily wounded.
You hit the goblin.
The goblin is poisoned.
You barely miss the bat.
You kill the goblin!
The bat hits you but does no damage. The goblin hits you but does no damage.
A goblin comes into view. It is wielding a +0 club.
Robin throws the goblin at you!
You hit the goblin.
You kill the goblin!
You closely miss the goblin. You barely miss the bat.
The bat hits you but does no damage. x2; The goblin hits you with a +0 club.
A hobgoblin comes into view.
Robin hits you but does no damage.
You hit the bat.
The bat is poisoned.
The bat is heavily wounded.
You completely miss the goblin.
The bat hits you but does no damage. x2; The goblin hits you with a +0 club.
Robin hits you but does no damage.
You miss the bat. Your kick misses the bat.
The bat is severely wounded.
You hit the goblin.
You kill the goblin!
You kill the bat!
Robin hits you from afar with a +0 trident.
You die...

###.# ####........####
#...# g. #......^.......
#.#.# #g #.#........####
#.#.# #.. #.#.......%.##.
#.#<# ##..#
#.#..........## #.#.#
.#8..8# #.#...........#
#.#.# ....>..
#.#............ #.#.#
#...ggg#####.#............
#.#.# #g)@)#.#............
#.# #####)#.#...........#
#.##########....<#.#
#######..##
#.........)......#.#
############.......#
#########


You could see Robin, a hobgoblin (strong) and 2 goblins.

Vanquished Creatures
  2 adders (D:2)
  3 endoplasms
  2 hobgoblins (D:1)
  4 jackals (D:1)
  2 ball pythons
  6 bats
  A frilled lizard (D:2)
  7 goblins
  7 kobolds
  5 rats
39 creatures vanquished.

Notes
Turn   | Place    | Note
-------+----------+-------------------------------------------
     0 | D:1      | qw the Tengu Warper began the quest for the Orb.
     0 | D:1      | Reached XP level 1. HP: 12/12 MP: 4/4
     0 | D:1      | 0 ||| qw: Version: 0.1-a-89-g26bdef1
     0 | D:1      | 0 ||| qw: Game counter: 3339
     0 | D:1      | 0 ||| qw: Always use a shield: true
     0 | D:1      | 0 ||| qw: God list: Okawaru
     0 | D:1      | 0 ||| qw: Allow faded altars: false
     0 | D:1      | 0 ||| qw: Do Orc after D:15 true
     0 | D:1      | 0 ||| qw: Do second Lair branch before Depths: true
     0 | D:1      | 0 ||| qw: Lair rune preference: random
     0 | D:1      | 0 ||| qw: Plans: Normal
     0 | D:1      | 0 ||| PLANNING D:1-11
     1 | D:1      | Noticed an electric eel
   390 | D:1      | 390 ||| Stepping ~*~*~tactically~*~*~ (stealth).
   392 | D:1      | 392 ||| Stepping ~*~*~tactically~*~*~ (stealth).
   399 | D:1      | Reached XP level 2. HP: 11/17 MP: 6/6
   420 | D:1      | 420 ||| Stepping ~*~*~tactically~*~*~ (stealth).
   481 | D:1      | Reached skill level 3 in Axes
  1397 | D:1      | 1397 ||| UPGRADING to +0 chain mail.
  1407 | D:1      | 1407 ||| DROPPING +0 leather armour.
  1408 | D:1      | 1408 ||| READING scroll labelled YSYPSU DEAPPY.
  1409 | D:1      | 1409 ||| READING scroll labelled GESUAC JINADENUM.
  1410 | D:1      | 1410 ||| READING scroll labelled MUCIVAMARCH.
  1411 | D:1      | 1411 ||| DRINKING 2 fuming red potions.
  1412 | D:1      | 1412 ||| DRINKING 2 bubbling yellow potions.
  1413 | D:1      | 1413 ||| DROPPING scroll of blinking.
  1414 | D:1      | 1414 ||| DROPPING potion of degeneration.
  1415 | D:1      | 1415 ||| DROPPING potion of attraction.
  1446 | D:2      | 1446 ||| Stepping ~*~*~tactically~*~*~ (water).
  1491 | D:2      | Reached skill level 4 in Axes
  1491 | D:2      | Reached XP level 3. HP: 19/21 MP: 7/7
  1557 | D:2      | 1557 ||| Stepping ~*~*~tactically~*~*~ (stealth).
  1572 | D:2      | HP: 5/21 [poisoned by an adder]
  1953 | D:2      | Noticed Robin
  1954 | D:2      | 1954 ||| Stepping ~*~*~tactically~*~*~ (hiding).
  1958 | D:2      | 1958 ||| Stepping ~*~*~tactically~*~*~ (hiding).
  1969 | D:2      | HP: 5/21 [goblin/+0 club[Robin] (4)]
  1971 | D:2      | Slain by Robin

Levels and vault maps discovered:
D:1:      arrival_aquarium_a, layout_loops_ring, minmay_tromino_i2
D:2:      layout_basic, ebering_ecumenical_altar_sacrificial, minivault_14,
          minmay_misc_feat_roman, grunt_decor_arrowhead, st_stairs_6, uniq_robin

Skill      XL: |  1  2 |
---------------+-------+-----
Axes           | 4 |  4.5
Fighting       | |  2.0
Throwing       | |  1.0
Armour         | |  1.1
Dodging        | |  2.1
Spellcasting   | |  2.0
Translocations | |  2.4

Action                   || total
-------------------------++-------
Melee: Hand axe          ||    87
       Kick              ||    21
       Peck              ||    11
Throw: Boomerang         ||     7
  Use: Scroll            ||     3
       Potion            ||     2
Armor: Leather armour    ||    11
       Chain mail        ||    47
Dodge: Dodged            ||    40

Table legend:
 A = Non-vault XP
 B = Vault XP
 C = Vault XP percentage of total XP
 D = Non-vault monster count
 E = Vault monster count
 F = Vault count percentage of total count
                 A         B        C        D         E       F
            +---------+---------+-------+---------+---------+-------
      Total |      73 |      12 |  14.1 |      33 |       6 |  15.4
            +---------+---------+-------+---------+---------+-------
        D:1 |      28 |       0 |   0.0 |      19 |       0 |   0.0
        D:2 |      45 |      12 |  21.1 |      14 |       6 |  30.0
            +---------+---------+-------+---------+---------+-------
